[Event "Late-Titled-Tuesday-Blitz-September-12-2023"]
[Site "Chess.com"]
[Date "2023.09.12"]
[Round "10"]
[White "Perecke"]
[Black "Mops_2004"]
[Result "1-0"]
[WhiteElo "2541"]
[BlackElo "2709"]
[TimeControl "180+1"]
[EndTime "15:50:07 PDT"]
[Termination "Perecke won by resignation"]

1. e4 g6 2. d4 Bg7 3. Nc3 d6 4. Be3 a6 5. Qd2 b5 6. O-O-O Bb7 7. f3 Nd7 8. h4 h6 9. a3 e6 10. h5 g5 11. f4 gxf4 12. Bxf4 Ne7 13. Rh3 e5 14. Rg3 Kf8 15. dxe5 Nxe5 16. Nf3 N7c6 17.
Nd5 Rb8 18. Be2 Rh7 19. Rh1 a5 20. Nh4 Bc8 21. Nf5 Bxf5 22. exf5 Nd7 23. Nxc7 Nde5 24. Nxb5 d5 25. c3 a4 26. Nd4 Na5 27. Rxg7 Nec4 28. Rxh7 Kg8 29. Bxc4 Nxc4 30. Rxh6 Nxd2 31. Bxd2 Rb6 32.
Rxb6 Qxb6 33. h6 Kh7 34. Nf3 f6 35. Nd4 Qd6 36. Re1 Kg8 37. Re6 Qg3 38. Rxf6 Qxg2 39.
Rg6+ 1-0

[Event "Late-Titled-Tuesday-Blitz-September-12-2023"]
[Site "Chess.com"]
[Date "2023.09.12"]
[Round "10"]
[White "Eloist"]
[Black "karinachess1"]
[Result "0-1"]
[WhiteElo "2495"]
[BlackElo "2617"]
[TimeControl "180+1"]
[EndTime "15:50:07 PDT"]
[Termination "karinachess1 won on time"]

1. e4 e5 2. Bc4 Nf6 3. d3 c6 4. Nf3 Be7 5. O-O d6 6. c3 O-O 7.
Bb3 Nbd7 8. Nbd2 Nc5 9. Bc2 Bg4 10. h3 Bh5 11. Re1 Ne6 12. Nf1 Bxf3 13. Qxf3 g6 14. Bh6 Ng7 15. Rad1 Nfh5 16. d4 exd4 17. cxd4 Bg5 18.
Bxg5 Qxg5 19. Qg4 Qe7 20. f4 Nf6 21. Qf3 Rfe8 22. g4 d5 23. e5 Ne4 24. Bxe4 dxe4 25.
Rxe4 f5 26. Ree1 fxg4 27. hxg4 Rf8 28. Ng3 Ne6 29. f5 Qh4 30. Qb3 Rae8 31. fxe6 Rf4 32. Kg2 Qxg4 33. e7+ Kg7 34. Rd3 Rxe7 35. Rf3 g5 36.
Qe3 Ref7 37. Ref1 h5 38. Kh2 Rxf3 39. Rxf3 Rxf3 40. Qg1 Qh4+ 0-1

[Event "Late-Titled-Tuesday-Blitz-September-12-2023"]
[Site "Chess.com"]
[Date "2023.09.12"]
[Round "10"]
[White "WilliamAlfaroCaracas"]
[Black "NovikovaGalina"]
[Result "1-0"]
[WhiteElo "2297"]
[BlackElo "2404"]
[TimeControl "180+1"]
[EndTime "15:50:09 PDT"]
[Termination "WilliamAlfaroCaracas won by checkmate"]

1. e4 e6 2. d4 d5 3. e5 c5 4.
c3 Nc6 5. Nf3 Bd7 6. a3 Qc7 7. Bd3 f6 8. exf6 Nxf6 9. O-O Bd6 10. dxc5 Bxc5 11. b4 Bd6 12. c4 Ne5 13. cxd5 O-O 14.
Bb2 Nxf3+ 15. Qxf3 Bxh2+ 16. Kh1 exd5 17. g3 Bg4 18.
Qg2 Bxg3 19. Qxg3 Qxg3 20. fxg3 Ne4 21. Rxf8+ Rxf8 22. Bxe4 dxe4 23. Nc3 Rf2 24. Rb1 Bf3+ 25. Kg1 Rg2+ 26. Kf1 Rxg3 27. Kf2 Rg2+ 28. Ke3 h5 29. Nxe4 Bxe4 30. Kxe4 h4 31. Bc3 h3 32. Be5 Ra2 33.
Rb3 h2 34. Rh3 Re2+ 35. Kd5 Rd2+ 36. Ke6 Ra2 37. Rxh2 Rxa3 38. Rc2 Kh7 39. Rc7 a5 40.
Rxg7+ Kh6 41. Kf6 Rf3+ 42. Ke6 axb4 43. Rxb7 b3 44. Rb4 Kg5 45. Kd5 Kf5 46. Bd4 Rh3 47. Kc4 Ke4 48. Bc3 Rh7 49. Rxb3 Rc7+ 50. Kb4 Kd3 51. Be5+ Kc2 52. Bxc7 Kd2 53. Rc3 Ke2 54. Kc4 Kd2 55. Kd4 Ke2 56. Bf4 Kf2 57. Rd3 Kf1 58.
Re3 Kg2 59. Ke4 Kh1 60. Re2 Kg1 61. Kf3 Kh1 62. Re1# 1-0

[Event "Late-Titled-Tuesday-Blitz-September-12-2023"]
[Site "Chess.com"]
[Date "2023.09.12"]
[Round "10"]
[White "kai_nov"]
[Black "KorolDimitriy75"]
[Result "1-0"]
[WhiteElo "2248"]
[BlackElo "2347"]
[TimeControl "180+1"]
[EndTime "15:50:10 PDT"]
[Termination "kai_nov won on time"]

1. d4 Nf6 2. c4 c5 3. d5 b5 4.
cxb5 a6 5. bxa6 g6 6. Nc3 Bxa6 7. e4 Bxf1 8. Kxf1 d6 9. Nf3 Bg7 10. h3 O-O 11. Kg1 Na6 12. Kh2 Qa5 13. Re1 Nb4 14. Re2 Qa6 15. Kh1 Nd3 16. Rb1 Rfb8 17. Bg5 h6 18.
Be3 Nd7 19. Rd2 Nxb2 20. Rdxb2 Rxb2 21. Rxb2 Bxc3 22. Rb3 Bg7 23. a3 Nb6 24. Qb1 Nc4 25.
Rb8+ Rxb8 26. Qxb8+ Kh7 27. Qe8 Nxe3 28. fxe3 Qxa3 29.
Qxf7 Qxe3 30. e5 dxe5 31. Qxe7 Qc1+ 32. Kh2 Qf4+ 33. Kh1 e4 34. Nh4 1-0

[Event "Late-Titled-Tuesday-Blitz-September-12-2023"]
[Site "Chess.com"]
[Date "2023.09.12"]
[Round "10"]
[White "kleopl"]
[Black "Good_Knight_Kiss"]
[Result "1-0"]
[WhiteElo "2518"]
[BlackElo "2343"]
[TimeControl "180+1"]
[EndTime "15:50:15 PDT"]
[Termination "kleopl won on time"]

1. e4 c5 2. Nc3 a6 3. Nf3 d6 4.
d4 cxd4 5. Nxd4 Nf6 6. Be3 e5 7.
Nb3 Be6 8. f3 Be7 9. Qd2 O-O 10.
O-O-O Nbd7 11. g4 b5 12. g5 b4 13. gxf6 bxc3 14. Qxc3 Nxf6 15. Rg1 a5 16. Kb1 a4 17.
Nc5 Qc8 18. Nxe6 fxe6 19. Qc4 d5 20. Qxc8 Raxc8 21. Bh3 Rc6 22. Bg5 Rd8 23. Rg2 Kf7 24. Rgd2 d4 25. Rd3 Rdc8 26. Rc1 Nd7 27. Bxe7 Kxe7 28. f4 Nc5 29. Rg3 g6 30. fxe5 Nxe4 31. Rd3 Nf2 32. Rf3 Nxh3 33. Rxh3 h5 34. Rd3 Rc4 35. Rd2 R8c5 36. b3 axb3 37. axb3 Rb4 38.
Rg1 Kf7 39. Rf2+ Ke7 40. Re2 Kf7 41. Rf1+ Ke7 42. Rf6 Rbb5 43. Rxg6 Rxe5 44. Rd2 Rbd5 45. Rh6 Kd6 46. Kb2 Rf5 47. Re2 Rfe5 48. Rg2 Re3 49.
Rg8 Rh3 50. Rd8+ Ke5 51. Rxd5+ Kxd5 52. b4 Rxh2 53. Kb3 e5 54. b5 Rh1 55. Kb2 Rh4 56.
b6 Rg4 57. Rxh5 Rg8 58. Rh7 Rb8 59. b7 Kc6 60. Rh6+ 1-0

[Event "Late-Titled-Tuesday-Blitz-September-12-2023"]
[Site "Chess.com"]
[Date "2023.09.12"]
[Round "10"]
[White "miraitrunks"]
[Black "falzehope0"]
[Result "1-0"]
[WhiteElo "2132"]
[BlackElo "2349"]
[TimeControl "180+1"]
[EndTime "15:50:15 PDT"]
[Termination "miraitrunks won on time"]

1. e4 d6 2. d4 Nf6 3. Nc3 Nbd7 4. Nge2 e5 5. g3 Be7 6. Bg2 O-O 7. O-O Re8 8. h3 c6 9. a4 Qc7 10. Be3 Nf8 11. Qd2 Ng6 12. f4 exf4 13. gxf4 Nh4 14. e5 Nxg2 15. Kxg2 Nd5 16. Nxd5 cxd5 17. Nc3 Qd7 18. Rf3 Bf8 19. Rg3 b6 20. Rg1 Kh8 21. Kh2 Qf5 22. Nxd5 Rb8 23. Nf6 Rd8 24. Qg2 g6 25.
Rg5 Bb7 26. Qf2 Qc8 27. Qh4 h6 28. Rxg6 fxg6 29. c3 Qf5 30. Rg5 Qc2+ 31. Bf2 Bg7 32. Ng4 h5 33. f5 Kg8 34. fxg6 hxg4 35. Qh7+ Kf8 36. Kg3 Qe2 37. Rf5+ Ke8 38. Qxg7 1-0

[Event "Late-Titled-Tuesday-Blitz-September-12-2023"]
[Site "Chess.com"]
[Date "2023.09.12"]
[Round "10"]
[White "ArturoCaceres"]
[Black "egnfanclub"]
[Result "1-0"]
[WhiteElo "2477"]
[BlackElo "2335"]
[TimeControl "180+1"]
[EndTime "15:50:18 PDT"]
[Termination "ArturoCaceres won on time"]

1. e4 e5 2. Bc4 Nf6 3. Nc3 Nxe4 4.
Nxe4 d5 5. Bd3 dxe4 6. Bxe4 f5 7. Bd3 Be6 8. b3 Qd5 9. Bc4 Qxg2 10. Bxe6 Qxh1 11.
Kf1 Qxh2 12. Qf3 Bc5 13. d4 Bxd4 14. c3 Bc5 15. Bg5 Nc6 16. Qxf5 Qxf2+ 17. Qxf2 Bxf2 18.
Kxf2 h6 19. Be3 Ke7 20. Bd5 Rhf8+ 21. Ke2 Kd6 22. Rd1 Rad8 23. b4 b6 24. Be4+ Ke7 25. Bxc6 Rxd1 26. Kxd1 Rf1+ 27. Ke2 Ra1 28. Bd5 Kd6 29.
Bb3 g5 30. Nf3 c5 31. Nd2 cxb4 32. cxb4 Rh1 33. Ne4+ Ke7 34. Ng3 Rh2+ 35. Kf3 Kf6 36.
Ne4+ Ke7 37. Bf2 Rh3+ 38. Ng3 h5 39. Kg2 g4 40. Bd1 Kf6 41. Bc2 Kg5 42. Be3+ Kf6 43. Bd1 h4 44. Nf1 1-0

[Event "Late-Titled-Tuesday-Blitz-September-12-2023"]
[Site "Chess.com"]
[Date "2023.09.12"]
[Round "10"]
[White "IMSlavin"]
[Black "S-Fazulyanov"]
[Result "0-1"]
[WhiteElo "2244"]
[BlackElo "2468"]
[TimeControl "180+1"]
[EndTime "15:50:20 PDT"]
[Termination "S-Fazulyanov won on time"]

1. e4 c5 2. g3 d5 3. exd5 Qxd5 4.
Qf3 Nf6 5. Nc3 Qxf3 6. Nxf3 Bd7 7. Bg2 Bc6 8. O-O Nbd7 9. d4 e6 10. Be3 Ng4 11. Bd2 cxd4 12. Nxd4 Bxg2 13. Kxg2 Bc5 14.
Ndb5 Ke7 15. Ne4 a6 16. Nxc5 Nxc5 17. Bb4 Rhc8 18. Nd4 Ke8 19. b3 Nf6 20. c4 Nd3 21.
Ba3 Rd8 22. Nc2 Ne4 23. Ne3 f5 24. f3 Nf6 25. Rad1 f4 26. Nc2 g5 27. Nb4 Nc5 28. Nc2 Nd3 29. Nb4 Nxb4 30. Bxb4 Kf7 31. Bc3 Nd7 32.
Rfe1 Nc5 33. Bd4 Nd7 0-1

[Event "Late-Titled-Tuesday-Blitz-September-12-2023"]
[Site "Chess.com"]
[Date "2023.09.12"]
[Round "10"]
[White "Bodhanas"]
[Black "IngOscarArdila"]
[Result "1-0"]
[WhiteElo "1910"]
[BlackElo "2256"]
[TimeControl "180+1"]
[EndTime "15:50:20 PDT"]
[Termination "Bodhanas won by resignation"]

1. d4 Nf6 2. Nf3 e6 3. Bf4 Be7 4. Nbd2 O-O 5. e3 d5 6. Bd3 c5 7. c3 Nc6 8. O-O b6 9. Re1 Bb7 10. Ne5 Re8 11. Nxc6 Bxc6 12. Qe2 Ne4 13. Bxe4 dxe4 14.
f3 exf3 15. Nxf3 cxd4 16. exd4 Bf6 17. Be5 Qd5 18. Bxf6 gxf6 19. c4 Qh5 20. Nd2 Qh4 21. Qf2 Qh6 22. Re3 Kh8 23. Rh3 Qg6 24. Nf3 Rg8 25. Rf1 Rg7 26. Nh4 Qg5 27. Qxf6 Qxf6 28. Rxf6 Rag8 29. Kf2 Bxg2 30. Rg3 Rxg3 31. hxg3 Be4 32.
Rxf7 Rd8 33. Ke3 Bb1 34. Rxa7 Rc8 35. b3 Rf8 36. Nf3 Rf5 37. g4 Rf6 38. Rb7 Rh6 39.
Rxb6 Bxa2 40. c5 Rh1 41. Kd2 Rf1 42. c6 Bxb3 43. c7 Rf2+ 44. Ke3 Rxf3+ 45. Kxf3 Bd5+ 46. Kf4 1-0

[Event "Late-Titled-Tuesday-Blitz-September-12-2023"]
[Site "Chess.com"]
[Date "2023.09.12"]
[Round "10"]
[White "Atanejhad"]
[Black "PapaieDudu"]
[Result "0-1"]
[WhiteElo "2418"]
[BlackElo "2331"]
[TimeControl "180+1"]
[EndTime "15:50:21 PDT"]
[Termination "PapaieDudu won by resignation"]

1. d4 d5 2. c4 e6 3. Nc3 Nf6 4.
cxd5 exd5 5. Bg5 Be7 6. e3 Nbd7 7. Qc2 h6 8. Bh4 c6 9. Bd3 Nh5 10. Bxe7 Qxe7 11. Nge2 O-O 12. O-O-O b5 13. g4 Nhf6 14. Rdg1 a5 15. h4 b4 16. Nd1 Ne4 17. Nf4 a4 18.
Bxe4 dxe4 19. g5 b3 20. axb3 axb3 21. Qxb3 hxg5 22. hxg5 Rb8 23. Qc2 Qd6 24. Qxe4 g6 25. Rh6 Kg7 26. Rgh1 Rg8 27. Rh7+ Kf8 28. Rh8 c5 29.
Rxg8+ Kxg8 30. Qe8+ Nf8 31. dxc5 Qxc5+ 32. Nc3 Qxg5 33. Rh8+ Kxh8 34. Qxf8+ Kh7 35. Qxf7+ Kh6 36. Qf8+ Kh7 37. Ncd5 Qg1+ 38. Kd2 Qxf2+ 39. Kd3 Bf5+ 40. Kd4 Rxf8 41. Ne7 Qxb2+ 42. Kd5 Rd8+ 43. Kc6 Qf6+ 44. Kc7 Qxe7+ 0-1

[Event "Late-Titled-Tuesday-Blitz-September-12-2023"]
[Site "Chess.com"]
[Date "2023.09.12"]
[Round "10"]
[White "GothamChess"]
[Black "Bilan_Danila"]
[Result "1-0"]
[WhiteElo "2733"]
[BlackElo "2571"]
[TimeControl "180+1"]
[EndTime "15:50:22 PDT"]
[Termination "GothamChess won on time"]

1. e4 c6 2. d4 d5 3. f3 Qb6 4. Nc3 e5 5. dxe5 Bc5 6. Na4 Qa5+ 7. c3 Bxg1 8. b4 Qc7 9. Rxg1 Qxe5 10. Qd4 Qxd4 11. cxd4 dxe4 12. fxe4 Nf6 13. Nc3 O-O 14. e5 Nd5 15. Nxd5 cxd5 16. b5 a6 17. Ba3 Rd8 18. Bd6 axb5 19. Bxb5 Bd7 20. Bxd7 Rxd7 21. Bxb8 Rxb8 22.
Kd2 f6 23. e6 Rd6 24. Rge1 Re8 25. Rab1 Rdxe6 26. Rxe6 Rxe6 27. Rxb7 Ra6 28. Rb2 Ra3 29. Kc2 Kf7 30. Kb1 Rd3 31. a4 Rxd4 32. a5 Rc4 33. a6 Rc8 34. a7 Ra8 35. Rb7+ Kg6 36. Kc2 Kf5 37. Rxg7 h5 38. Kd3 h4 39. Re7 Kf4 40. Kd4 f5 41. Kxd5 Rd8+ 42. Kc6 1-0

[Event "Late-Titled-Tuesday-Blitz-September-12-2023"]
[Site "Chess.com"]
[Date "2023.09.12"]
[Round "10"]
[White "Zhigalko_Sergei"]
[Black "DeTimmerman"]
[Result "1-0"]
[WhiteElo "2867"]
[BlackElo "2638"]
[TimeControl "180+1"]
[EndTime "15:50:24 PDT"]
[Termination "Zhigalko_Sergei won by resignation"]

1. e4 e5 2. Nf3 Nc6 3. Bc4 Nf6 4. d3 Be7 5. O-O O-O 6. Nbd2 d6 7. c3 Kh8 8. Re1 Ng8 9. d4 f5 10. dxe5 fxe4 11.
Nxe4 Bg4 12. exd6 cxd6 13. Be2 d5 14. Ned2 Bc5 15. Nb3 Bb6 16. h3 Bh5 17. Nfd4 Bg6 18. Bd3 Qh4 19. Be3 Bxd3 20. Qxd3 Nf6 21. Nf5 Qh5 22.
Bxb6 axb6 23. Ng3 Qh4 24. a3 Ne4 25. Nxe4 dxe4 26. Qg3 Qh5 27. Rxe4 Qd5 28. Rg4 Qxb3 29. Rxg7 Rg8 30. Rg4 Qe6 31. Rd1 Rxg4 32. hxg4 Rg8 33. f3 Re8 34. Qf2 Ne5 35. Qd4 Kg8 36. Qd5 Nc4 37. Qxe6+ Rxe6 38. Rd8+ Kf7 39. Rd7+ Re7 40. Rd4 Nxb2 41. Rb4 Nd1 42. c4 Ne3 43. Rxb6 Nxc4 44. Rb3 b6 45. Kh2 Re3 46. Rb4 Rc3 47. Kg3 Ke6 48. a4 Kd5 49. Rb5+ Kc6 50. Rh5 Rc2 51. Rh6+ Kc5 52. Rxh7 Ne3 53. Rc7+ 1-0

[Event "Late-Titled-Tuesday-Blitz-September-12-2023"]
[Site "Chess.com"]
[Date "2023.09.12"]
[Round "10"]
[White "ChessDokmus"]
[Black "AsaHoffmann"]
[Result "0-1"]
[WhiteElo "2207"]
[BlackElo "2341"]
[TimeControl "180+1"]
[EndTime "15:50:24 PDT"]
[Termination "AsaHoffmann won by resignation"]

1. e4 d6 2. d4 Nf6 3. Nc3 c6 4. Be2 Nbd7 5. g4 e5 6. g5 Ng8 7. dxe5 dxe5 8. Be3 h6 9. gxh6 Nxh6 10. Qd2 Qa5 11. O-O-O Bb4 12. Kb1 Bxc3 13. Qxc3 Qxc3 14. bxc3 Nf6 15. f3 Be6 16. Bd3 Nhg8 17. Ne2 Ne7 18.
Ka1 Rh3 19. Ng3 b6 20. Bf1 Rh8 21. h4 Rd8 22. Rxd8+ Kxd8 23. Be2 Kc7 24. h5 g6 25.
Bg5 Nfg8 26. hxg6 Rxh1+ 27. Nxh1 Nxg6 28. Ng3 f6 29. Be3 N8e7 30. Nh5 f5 31. exf5 Bxf5 32. Bd2 Bxc2 33. Nf6 Nd5 34. Ng4 Kd6 35. c4 Ndf4 36.
Bb4+ c5 37. Bc3 Bf5 38. Bd1 Bxg4 39. fxg4 e4 40. Kb2 e3 41. Bf3 Ne5 42. Bxe5+ Kxe5 43. Kc3 Nh3 44. Kd3 Kf4 45. Be2 Nf2+ 46. Kc2 Nxg4 47.
Kd3 Ne5+ 48. Kc3 Ke4 49. a3 Nc6 50. Bh5 Nd4 51. Bg6+ Kf3 52. Bh5+ Kf2 53. Kd3 e2 54. Bxe2 Nxe2 55. Ke4 Nd4 56. Kd5 Ke3 57. Kd6 Kd3 58.
Kc7 Kxc4 59. Kb7 Kb3 60. Kxa7 Kxa3 61. Kxb6 c4 62. Kc5 c3 63. Kxd4 c2 0-1

[Event "Late-Titled-Tuesday-Blitz-September-12-2023"]
[Site "Chess.com"]
[Date "2023.09.12"]
[Round "10"]
[White "santosalberto1987"]
[Black "Dr_crypt"]
[Result "0-1"]
[WhiteElo "2532"]
[BlackElo "2444"]
[TimeControl "180+1"]
[EndTime "15:50:26 PDT"]
[Termination "Dr_crypt won by resignation"]

1. e4 d5 2. exd5 Qxd5 3. Nf3 Bg4 4. Be2 c5 5. d4 cxd4 6. c3 d3 7. Bxd3 Bxf3 8. Qxf3 Qxf3 9. gxf3 Nc6 10. Na3 Nf6 11.
O-O e6 12. Nb5 O-O-O 13. Bc2 a6 14. Na3 Bxa3 15. bxa3 Ne5 16. Kg2 Nc4 17. Bf4 Nd5 18. Bg3 f5 19. Bb3 Nd2 20. Rfd1 Nxb3 21. axb3 f4 22.
Bh4 g5 23. c4 Nc7 24. Bxg5 Rxd1 25. Rxd1 Rg8 26. h4 h6 27. Kh3 hxg5 28. Rg1 e5 29.
Rxg5 Rxg5 30. hxg5 Kd7 31. Kg4 Ke6 32. b4 Ne8 33. c5 Ng7 34. a4 a5 35. b5 Kd5 36. g6 Kxc5 37. Kg5 Kd6 38. Kf6 Ne8+ 39. Kf7 Kd7 40. g7 Nxg7 41. Kxg7 Ke6 42. Kg6 Kd5 43.
Kf5 b6 44. Kg5 Kc5 45. Kf5 Kb4 46. Kxe5 Kxa4 47. Kxf4 Kxb5 48. Kg5 a4 49. f4 a3 50. f5 a2 51. f6 a1=Q 52. f7 Qg7+ 0-1

[Event "Late-Titled-Tuesday-Blitz-September-12-2023"]
[Site "Chess.com"]
[Date "2023.09.12"]
[Round "10"]
[White "Rutricks"]
[Black "zverr1"]
[Result "1-0"]
[WhiteElo "2707"]
[BlackElo "2512"]
[TimeControl "180+1"]
[EndTime "15:50:29 PDT"]
[Termination "Rutricks won by resignation"]

1. Nf3 Nf6 2. g3 g6 3. b3 Bg7 4.
Bb2 O-O 5. Bg2 d5 6. O-O a5 7. a4 c6 8. d3 Re8 9. Nbd2 Na6 10. e4 dxe4 11. dxe4 Bg4 12. h3 Bxf3 13. Bxf3 Nxe4 14. Nxe4 Bxb2 15. Rb1 Bg7 16. Qe2 Qb6 17. h4 Rad8 18. h5 Nb4 19. Kg2 Nd5 20. hxg6 hxg6 21. Rh1 Nc3 22.
Nxc3 Bxc3 23. Be4 Rd2 24. Qf3 Bd4 25. Rbf1 Qc5 26. Rh7 Bg7 27. Rfh1 f5 28. Bd3 e5 29.
Bxf5 gxf5 30. Qxf5 Qe7 31. Qg6 Rxf2+ 32. Kxf2 Qf7+ 33.
Qxf7+ Kxf7 34. Ke3 e4 35. R7h5 Kg6 36. Rxa5 Bh6+ 37. Ke2 e3 38. Rh4 Rf8 39. Rg4+ Kh7 40. Rh5 Rf2+ 41. Ke1 Rf6 42. Rgh4 Kg7 43. Rxh6 Rxh6 44.
Rxh6 Kxh6 45. Ke2 Kg5 46. Kxe3 Kg4 47. Kf2 c5 48. c3 b6 49. Kg2 Kf5 50. Kf3 Ke5 51.
Ke3 c4 52. b4 Kd5 53. g4 Ke5 54. g5 b5 55. axb5 1-0

[Event "Late-Titled-Tuesday-Blitz-September-12-2023"]
[Site "Chess.com"]
[Date "2023.09.12"]
[Round "10"]
[White "Firouzja2003"]
[Black "BogdanDeac"]
[Result "1-0"]
[WhiteElo "3091"]
[BlackElo "2976"]
[TimeControl "180+1"]
[EndTime "15:50:30 PDT"]
[Termination "Firouzja2003 won by resignation"]

1. e4 e5 2. Nf3 Nf6 3. d3 Nc6 4.
Nbd2 d5 5. Be2 g6 6. c3 a5 7. O-O Bg7 8. a4 O-O 9. Qc2 Re8 10. Re1 h6 11. Bf1 Be6 12. exd5 Bxd5 13. Ne4 Nd7 14. b3 f5 15. Ned2 g5 16. h3 Qf6 17. Bb2 Qf7 18. d4 g4 19. Nh4 gxh3 20.
g3 f4 21. Bxh3 exd4 22. Bf5 Nf8 23. Kh2 dxc3 24. Bxc3 Nd4 25. Bxd4 Bxd4 26. gxf4 Qh5 27. Rg1+ Kh8 28. Kh3 Rad8 29. Raf1 Re2 30. Qd3 Bf6 31. Rg4 Bg2+ 32. Kxg2 Rxd3 33. Ndf3 Qxg4+ 34. Bxg4 Rxb3 35. Rd1 Re8 36. Nf5 Rb4 37. Rh1 Rxf4 38. Rxh6+ Nh7 39.
Kg3 Rxa4 40. Bh5 Rg8+ 41. Bg6 Rxg6+ 42. Rxg6 Re4 43. Nh6 Be5+ 44. Nxe5 Ng5 45. Rxg5 Kh7 46. Neg4 a4 47. Nf6+ 1-0

[Event "Late-Titled-Tuesday-Blitz-September-12-2023"]
[Site "Chess.com"]
[Date "2023.09.12"]
[Round "10"]
[White "younix2022"]
[Black "CFalcons8"]
[Result "0-1"]
[WhiteElo "2060"]
[BlackElo "2289"]
[TimeControl "180+1"]
[EndTime "15:50:31 PDT"]
[Termination "CFalcons8 won by checkmate"]

1. Nf3 Nf6 2. d4 e6 3. Bf4 d5 4.
e3 c5 5. Nbd2 Nc6 6. Be2 cxd4 7.
exd4 Nh5 8. Bg3 g6 9. c3 f6 10.
Qb3 Bd6 11. O-O-O Nf4 12. Bb5 a6 13. Bf1 O-O 14. h4 Nh5 15. Bxd6 Qxd6 16. g4 Nf4 17. h5 g5 18. Ng1 Bd7 19. Nh3 Rac8 20. Kb1 Na5 21. Qb4 Qxb4 22. cxb4 Nxh3 23. Rxh3 Nc6 24. a3 Nxd4 25. Ne4 Ba4 26. Rxd4 Bc2+ 27. Ka2 Bxe4 28. f3 Bc2 29. f4 gxf4 30. Rxf4 e5 31. Rf2 d4 32. b3 e4 33. Bc4+ Kh8 34. h6 b5 35. Bd5 e3 36. Re2 Rfd8 37. Bb7 Rc3 38. Bxa6 Bxb3+ 39. Kb2 Bc4 40. Re1 Ra8 41. Bb7 Raxa3 42.
Be4 Rcb3+ 43. Kc1 Ra1+ 44. Kc2 Rxe1 45. Bd5 Rc3+ 46. Kb2 Re2+ 47. Kb1 Bd3+ 48. Ka1 Rc1# 0-1

[Event "Late-Titled-Tuesday-Blitz-September-12-2023"]
[Site "Chess.com"]
[Date "2023.09.12"]
[Round "10"]
[White "GlavkonVVS"]
[Black "zeitnot2006"]
[Result "1-0"]
[WhiteElo "2600"]
[BlackElo "2748"]
[TimeControl "180+1"]
[EndTime "15:50:32 PDT"]
[Termination "GlavkonVVS won by resignation"]

1. c4 Nf6 2. Nc3 e5 3. g3 g6 4.
Bg2 Bg7 5. Nf3 d6 6. d3 O-O 7. Rb1 a5 8. a3 c6 9. b4 axb4 10. axb4 Re8 11. O-O d5 12. e4 d4 13. Na4 Nbd7 14.
c5 Ra7 15. Bd2 Nf8 16. Nb6 Bg4 17. h3 Bxf3 18. Qxf3 N8d7 19. Nc4 Qe7 20. Ra1 Rea8 21. Rxa7 Rxa7 22. Qd1 Ne8 23. Qb3 Nc7 24. h4 Nb5 25.
Bh3 Nf8 26. f4 exf4 27. Bxf4 Ne6 28. Bd6 Qe8 29. e5 Nc3 30. Rf2 Ra1+ 31. Kg2 Bh6 32. Qb2 Rb1 33. Qa3 Be3 34. Rf6 Nd5 35. Rf3 Rxb4 36.
Qa7 Rb1 37. Bxe6 fxe6 38. Rf8+ Qxf8 39. Bxf8 Kxf8 40. Qb8+ Kg7 41. Qd6 Rg1+ 42. Kh2 Rf1 43. Qxe6 Rf2+ 44. Kh3 Rf1 45. Nd6 Nc3 46. Qe7+ Kg8 47. Qe8+ Kg7 48. Qe7+ Kg8 49. e6 Nd5 50. Qe8+ Kg7 51. e7 h5 52. Qd7 Rh1+ 53. Kg2 Rg1+ 54. Kh2 Nxe7 55. Qxe7+ Kg8 56. Qf7+ Kh8 57. Qxg6 Rf1 58.
Nf7+ Rxf7 59. Qxf7 b5 60. cxb6 1-0

[Event "Late-Titled-Tuesday-Blitz-September-12-2023"]
[Site "Chess.com"]
[Date "2023.09.12"]
[Round "10"]
[White "Gyulamiryan-koryun"]
[Black "SEBAZZANO"]
[Result "0-1"]
[WhiteElo "2009"]
[BlackElo "2214"]
[TimeControl "180+1"]
[EndTime "15:50:33 PDT"]
[Termination "SEBAZZANO won on time"]

1. e4 e6 2. d4 d5 3. Nd2 dxe4 4. Nxe4 Bd7 5. Nf3 Bc6 6. Bd3 Bxe4 7. Bxe4 c6 8. O-O Nf6 9. Bg5 Nbd7 10. Bd3 Qc7 11.
c3 Bd6 12. Bh4 O-O 13. Bg3 Rfe8 14. Bxd6 Qxd6 15. Qc2 e5 16. Rfe1 exd4 17. Nxd4 g6 18. Re3 Rxe3 19. fxe3 Re8 20. e4 Ng4 21. Nf3 Nde5 22.
h3 Nxf3+ 23. gxf3 Qc5+ 24. Kh1 Nf6 25. Re1 Nh5 26. b4 Qe5 27. c4 Qg3 28. Rg1 Qxf3+ 29.
Rg2 Nf4 30. Qf2 Qxf2 31. Rxf2 Nxd3 32. Rd2 Nxb4 33. Rd7 Rxe4 34. Rxb7 Rxc4 35. Rxa7 Rc2 36. a4 Ra2 37. a5 c5 38. Ra8+ Kg7 39. h4 c4 40. Rc8 Rxa5 41. Rxc4 Nd5 42. Kh2 Nf6 43. Kg3 Re5 0-1

[Event "Late-Titled-Tuesday-Blitz-September-12-2023"]
[Site "Chess.com"]
[Date "2023.09.12"]
[Round "10"]
[White "NotFischer"]
[Black "ace_mar"]
[Result "0-1"]
[WhiteElo "2290"]
[BlackElo "2519"]
[TimeControl "180+1"]
[EndTime "15:50:34 PDT"]
[Termination "ace_mar won on time"]

1. e4 c5 2. Nf3 d6 3. d4 cxd4 4. Nxd4 Nf6 5. Nc3 Nc6 6. Bc4 e6 7. Bb3 Be7 8. O-O O-O 9. Be3 a6 10. a4 Qc7 11. Qf3 Ne5 12. Qg3 Nc4 13. Bh6 Ne8 14.
Bxc4 Qxc4 15. Rad1 Bf6 16. Nde2 b6 17. Be3 b5 18. axb5 axb5 19. Bd4 b4 20. Bxf6 Nxf6 21. Rd4 Qc5 22. Nd1 Qxc2 23. Qe3 Ba6 24. Re1 d5 25. e5 Ne4 26. Rxb4 Rfc8 27. Nd4 Qc5 28. Rb3 Bc4 29. Ra3 Rxa3 30. bxa3 Ra8 31. Nc2 Qxe3 32. Rxe3 Nc5 33. Nb2 Bb3 34. f3 Bxc2 35. Rc3 Nd7 36. Rxc2 Nxe5 37. a4 f6 38. Kf2 Nd7 39. Rc3 Nb6 40.
Ra3 Ra5 41. Ke3 Rxa4 42. Rxa4 Nxa4 43. Nxa4 Kf7 44. Nc3 Ke7 45. f4 Kd6 46. g3 Kc5 47.
Kd3 h5 48. Ne2 e5 49. fxe5 fxe5 50. Ke3 Kc4 51. h4 d4+ 52. Ke4 d3 53. Ng1 d2 0-1

[Event "Late-Titled-Tuesday-Blitz-September-12-2023"]
[Site "Chess.com"]
[Date "2023.09.12"]
[Round "10"]
[White "vi_pranav"]
[Black "oskariot"]
[Result "0-1"]
[WhiteElo "2977"]
[BlackElo "2723"]
[TimeControl "180+1"]
[EndTime "15:50:35 PDT"]
[Termination "oskariot won on time"]

1. e4 e5 2. Nf3 Nc6 3. Bb5 a6 4. Ba4 Nf6 5. O-O Be7 6. d3 d6 7. c4 Bg4 8. Nc3 O-O 9. h3 Bxf3 10. Qxf3 Nd7 11. Be3 Nd4 12. Bxd4 exd4 13. Nd5 c6 14. Nxe7+ Qxe7 15. Qg3 b5 16. Bc2 bxc4 17. dxc4 c5 18. f4 Rab8 19. b3 Rfe8 20. Rae1 Nf8 21. Bd3 a5 22. e5 dxe5 23. Rxe5 Qd6 24. Rd5 Qc7 25. Rf3 Rbd8 26. Rh5 g6 27. Kh2 Re3 28. Rg5 Rde8 29.
Bf1 Rxf3 30. Qxf3 Re3 31. Qf2 Ne6 32. Rg4 f5 33. Rh4 Qe7 34. g4 fxg4 35. Rxg4 Qf6 36. Bg2 Kh8 37. Bd5 Ng7 38. Bg2 Nf5 39. Rg5 Qe7 40.
Bf3 Re1 41. Bg4 d3 42. Bxf5 Re2 43. Qxe2 Qxe2+ 44. Rg2 gxf5 0-1

[Event "Late-Titled-Tuesday-Blitz-September-12-2023"]
[Site "Chess.com"]
[Date "2023.09.12"]
[Round "10"]
[White "Alexei_Gubajdullin"]
[Black "Cambek64"]
[Result "1-0"]
[WhiteElo "2609"]
[BlackElo "2484"]
[TimeControl "180+1"]
[EndTime "15:50:35 PDT"]
[Termination "Alexei_Gubajdullin won on time"]

1. d4 d6 2. Nf3 Nd7 3. Bf4 Ngf6 4.
e3 c5 5. Be2 Qb6 6. Qc1 g6 7.
Nbd2 Bg7 8. Nc4 Qc7 9. a4 b6 10. a5 b5 11. Ncd2 a6 12. c4 b4 13. Nb3 Bb7 14. d5 O-O 15. O-O Ng4 16. e4 Nge5 17. Nfd2 e6 18. Be3 exd5 19. cxd5 Nf6 20. h3 Rae8 21. f4 Ned7 22. f5 Nxd5 23. Bg5 N5f6 24. Bc4 Nxe4 25. Nxe4 Bxe4 26. Bh6 d5 27. Bxa6 Qg3 28.
Rf2 Qxb3 29. Bxg7 Kxg7 30. Bb5 Nf6 31. Bxe8 Rxe8 32. fxg6 Bxg6 33. Qxc5 Qc4 34. Qa7 Ne4 35.
Rf4 d4 36. Raf1 d3 37. a6 d2 38. Qd7 Ra8 39. Qb7 Qd4+ 40. Kh2 Rxa6 41. Qxa6 d1=Q 42.
Rxd1 Qxd1 43. Qb6 Qd2 44. Qc7 Qxb2 45. h4 h5 46. Rf3 1-0

[Event "Late-Titled-Tuesday-Blitz-September-12-2023"]
[Site "Chess.com"]
[Date "2023.09.12"]
[Round "10"]
[White "Abund"]
[Black "BigAl"]
[Result "0-1"]
[WhiteElo "2729"]
[BlackElo "2567"]
[TimeControl "180+1"]
[EndTime "15:50:38 PDT"]
[Termination "BigAl won by checkmate"]

1. e4 c6 2. d4 d5 3. exd5 cxd5 4. Bd3 Nc6 5. c3 Qc7 6. h3 g6 7. Nf3 Bf5 8. O-O Nf6 9. Re1 e6 10. Bb5 Bd6 11. Bh6 Bxb1 12. Rxb1 O-O-O 13. Bg7 Ne4 14. Bxh8 Rxh8 15. Bxc6 Qxc6 16. Ne5 Bxe5 17. dxe5 Kb8 18.
Qd4 Rc8 19. Re3 Rc7 20. b4 Qa4 21. f3 Qxa2 22. Rbe1 Qf2+ 23. Kh2 Ng3 24. Qd3 Rc4 25. b5 h5 26. Ra1 Rh4 27. Ree1 Nf5 28. f4 Qxf4+ 29.
Kg1 g5 30. b6 axb6 31. Rab1 g4 32. Rf1 Qxe5 33. Rfe1 Qc7 34. hxg4 Qh2+ 35. Kf2 Rxg4 36. Qf3 Rf4 37. Rh1 Rxf3+ 38. Kxf3 Qg3+ 39. Ke2 Qxg2+ 40. Kd3 Qf3+ 41. Kc2 Kc7 42. Rhf1 Ne3+ 43. Kb3 Nxf1 44. Rxf1 Qxf1 45. Ka3 h4 46. Kb4 h3 47. c4 Qxc4+ 48. Ka3 h2 49. Kb2 Qd3 50. Ka2 h1=Q 51. Kb2 Qhb1# 0-1